 Dungeon Crawl Stone Soup version 0.30-a0-779-g7971cf19c3 (webtiles) character file.

Game seed: 14632594630566351918

3535 BlueFish the Covert (level 9, -1/65 HPs)
             Began as a Vampire Enchanter on Feb 18, 2023.
             Was a Believer of Dithmenos.
             Slain by a gnoll sergeant
             ... wielding a +5 spear of venom
              (13 damage)
             ... on level 8 of the Dungeon.
             The game lasted 00:27:17 (7981 turns).

BlueFish the Covert (Vampire Enchanter)             Turns: 7981, Time: 00:27:17

Health: -1/65      AC:  8    Str:  7    XL:     9   Next: 82%
Magic:  7/16       EV: 15    Int: 17    God:    Dithmenos [**....]
Gold:   425        SH:  5    Dex: 19    Spells: 9/17 levels left

rFire   . . .      SeeInvis +    a - +1 dagger
rCold   . . .      Faith    .    (no shield)
rNeg    . . .      Spirit   .    P - +0 steam dragon scales
rPois   .          Reflect  +    (no helmet)
rElec   .          Harm     .    m - +0 cloak
rCorr   .          Rampage  .    j - +0 pair of gloves
Will    .....                    (no boots)
Stlth   +++++                    v - amulet of reflection
HPRegen 0.50/turn                (no ring)
MPRegen 0.15/turn                (no ring)

@: lethally poisoned (-1 -> -19), healing quickly, wreathed by umbra
A: alive, fangs 3, see invisible, vampiric 2
a: Exsanguinate, Renounce Religion, Shadow Step


You were on level 8 of the Dungeon.
You worshipped Dithmenos.
Dithmenos was pleased with you.
You visited 2 branches of the dungeon, and saw 9 of its levels.

You collected 425 gold pieces.

Inventory:

Hand Weapons
 a - a +1 dagger (weapon)
 y - a +1 short sword of draining
Missiles
 h - 2 throwing nets (quivered)
 H - 8 boomerangs
 I - 3 boomerangs of dispersal
 L - 16 poisoned darts
Armour
 j - a +0 pair of gloves (worn)
 m - a +0 cloak (worn)
 F - a +0 buckler
 P - +0 steam dragon scales (worn)
Jewellery
 v - an amulet of reflection (around neck)
 K - an amulet of faith
Wands
 A - a wand of light (22)
Scrolls
 f - 5 scrolls of vulnerability {unknown}
 i - 3 scrolls of fog {unknown}
 l - a scroll of enchant weapon {unknown}
 n - 8 scrolls of identify {unknown}
 o - 5 scrolls of teleportation {unknown}
 q - 2 scrolls of poison {unknown}
 x - a scroll of magic mapping {unknown}
 B - a scroll of enchant armour {unknown}
 C - 2 scrolls of silence {unknown}
 E - a scroll of immolation {unknown}
 G - 2 scrolls of fear {unknown}
 J - a scroll of summoning {unknown}
 O - a scroll of noise {unknown}
Potions
 c - 2 potions of invisibility
 d - 6 potions of heal wounds {unknown}
 e - 8 potions of curing {unknown}
 g - 2 potions of mutation {unknown}
 k - a potion of experience {unknown}
 p - 2 potions of haste {unknown}
 r - 3 potions of might
 s - 2 potions of degeneration {unknown}
 t - 2 potions of flight {unknown}
 u - 2 potions of lignification {unknown}
 w - 3 potions of magic {unknown}
 z - a potion of brilliance {unknown}
 D - a potion of attraction {unknown}
 M - 2 potions of berserk rage {unknown}
 N - a potion of cancellation {unknown}


   Skills:
 + Level 4.1 Fighting
 + Level 5.1 Short Blades
 + Level 2.4 Throwing
 + Level 3.7 Armour
 + Level 5.4 Dodging
 + Level 8.7 Stealth
 + Level 2.6 Shields
 + Level 4.7 Spellcasting
 + Level 8.0 Hexes
 + Level 2.4 Invocations
 + Level 2.5 Evocations


You had 9 spell levels left.
You knew the following spells:

 Your Spells              Type           Power      Damage    Failure   Level
a - Ensorcelled Hibernat  Hex/Ice        34%        N/A       4%          2
b - Confusing Touch       Hex            31%        N/A       1%          3
c - Tukima's Dance        Hex            31%        N/A       1%          3

Your spell library contained the following spells:

 Spells                   Type           Power      Damage    Failure   Level
 Dazzling Flash           Conj/Hex       34%        N/A       9%          3
 Blink                    Tloc           8%         N/A       22%         2
 Lesser Beckoning         Tloc           8%         N/A       22%         2
 Momentum Strike          Conj/Tloc      8%         3d8       22%         2
 Scorch                   Fire           8%         2d5       22%         2
 Gell's Gravitas          Tloc           4%         N/A       41%         3
 Teleport Other           Tloc           4%         N/A       41%         3
 Flame Wave               Conj/Fire      4%         2d5       82%         4
 Summon Cactus Giant      Summ           2%         N/A       100%        6


Dungeon Overview and Level Annotations

Branches:
Dungeon (8/15)             Temple (1/1) D:5
   Lair: D:8-11

Altars:
Ashenzari
Cheibriados
Dithmenos
Fedhas
Gozag
Hepliaklqana
Kikubaaqudgha
Makhleb
Nemelex Xobeh
Okawaru
Qazlal
Ru
Trog
Uskayaw
Vehumet
Wu Jian
Xom
Yredelemnul

Shops:
D:6 [

Annotations:
D:7 2 transporters, Dittersdorf's ghost, novice GrFi


Innate Abilities, Weirdness & Mutations

Your natural rate of healing is accelerated.
You have razor-sharp teeth.
You have supernaturally acute eyesight. (SInv)
You are afflicted with vampirism and can become a bat while bloodless.


Message History

The helpless orc warrior fails to defend itself.
You stick the orc warrior like a pincushion!!!
You kill the orc warrior!
Dithmenos accepts your kill.
The gnoll sergeant hits you from afar with a +5 spear of venom!
You are poisoned.
You feel very sick.
The orc shouts!
The gnoll sergeant hits you with a +5 spear of venom!
You are more poisoned.
Things that are here:
a +0 hand axe; a +0 arbalest; a +0 plate armour
Casting: Ensorcelled Hibernation (safe; 4% risk of failure)
Confirm with . or Enter, or press ? or * to list all spells.
Aiming: Ensorcelled Hibernation (safe; 4% risk of failure)
Press: ? - help, Shift-Dir - straight line, f - gnoll sergeant
Aim: a gnoll sergeant, wielding a +5 spear of venom and wearing a +0 scale mail (umbra, chance to affect: 50%)
The gnoll sergeant resists with some effort.
You feel extremely sick.
The gnoll sergeant hits you with a +5 spear of venom!
You are lethally poisoned!
Casting: Ensorcelled Hibernation (safe; 4% risk of failure)
Confirm with . or Enter, or press ? or * to list all spells.
Aiming: Ensorcelled Hibernation (safe; 4% risk of failure)
Press: ? - help, Shift-Dir - straight line, f/p - gnoll sergeant
Aim: a gnoll sergeant, wielding a +5 spear of venom and wearing a +0 scale mail (umbra, chance to affect: 50%)
The gnoll sergeant resists with some effort.
* * * LOW HITPOINT WARNING * * *
You feel extremely sick. The gnoll sergeant closely misses you.
Casting: Ensorcelled Hibernation (safe; 4% risk of failure)
Confirm with . or Enter, or press ? or * to list all spells.
Aiming: Ensorcelled Hibernation (safe; 4% risk of failure)
Press: ? - help, Shift-Dir - straight line, f/p - gnoll sergeant
Aim: a gnoll sergeant, wielding a +5 spear of venom and wearing a +0 scale mail (umbra, chance to affect: 50%)
The gnoll sergeant resists with some effort.
* * * LOW HITPOINT WARNING * * *
You feel very sick.
The gnoll sergeant hits you with a +5 spear of venom!
You die...

#..# ####'####...
#..###
#........###
#...###
#........'..
#...###.......>###
#.......########
#.########
#.#.......
#)#.##..## ###
#@#.##/g## #.#####
#.g..../.. #......
#.'....$.. ######.
###.##..## #...
.##..## #.#.
....... #.##
####### #... ####


You could see a gnoll sergeant.

Vanquished Creatures
  Pikel (D:6)
  Prince Ribbit (D:8)
  Sigmund (D:4)
  A steam dragon (D:7)
  Menkaure (D:4)
  A water moccasin (D:5)
  Duvessa (D:4)
  An orc warrior (D:8)
  A sky beast (D:6)
  An ice beast (D:6)
  An ogre (D:5)
  2 centaurs (D:7)
  A kobold brigand (D:6)
  2 bullfrogs (D:8)
  A gnoll sergeant (D:5)
  7 scorpions
  Dowan (D:4)
  A howler monkey (D:6)
  2 jellies (D:6)
  Crazy Yiuf (D:7)
  4 orc priests
  A gnoll bouda (D:7)
  4 iguanas
  8 orc wizards
  Robin (D:3)
  15 gnolls
  10 adders
  A shadow imp (D:7)
  2 white imps
  A worm (D:5)
  2 dart slugs
  30 orcs
  6 ball pythons
  8 endoplasms
  6 giant cockroaches
  15 goblins
  6 hobgoblins
  15 kobolds
  2 quokkas
  4 bats
  A frilled lizard (D:1)
  3 rats
174 creatures vanquished.

Vanquished Creatures (others)
  A dancing weapon (D:4)
1 creature vanquished.

Grand Total: 175 creatures vanquished

Notes
Turn   | Place    | Note
-------+----------+-------------------------------------------
     0 | D:1      | BlueFish the Vampire Enchanter began the quest for the Orb.
     0 | D:1      | Reached XP level 1. HP: 13/13 MP: 3/3
   113 | D:1      | Reached XP level 2. HP: 20/20 MP: 5/5
   315 | D:1      | Learned a level 2 spell: Ensorcelled Hibernation
   751 | D:2      | Reached skill level 1 in Fighting
   751 | D:2      | Gained mutation: You are afflicted with vampirism and can
                  | become a bat while bloodless. [Vampire growth]
   751 | D:2      | Reached XP level 3. HP: 26/26 MP: 3/6
   878 | D:2      | Reached skill level 5 in Stealth
   878 | D:2      | Reached XP level 4. HP: 30/32 MP: 1/7
  1198 | D:2      | Reached skill level 1 in Armour
  1856 | D:3      | Found a stormy altar of Qazlal.
  1864 | D:3      | Reached skill level 5 in Hexes
  1951 | D:3      | Reached XP level 5. HP: 37/37 MP: 5/8
  2046 | D:3      | Found a faded altar of an unknown god.
  2095 | D:3      | Learned a level 3 spell: Confusing Touch
  2099 | D:3      | Learned a level 3 spell: Tukima's Dance
  2259 | D:3      | Noticed Robin
  2267 | D:3      | Killed Robin
  2499 | D:4      | Noticed Menkaure
  2510 | D:4      | Noticed Dowan
  2511 | D:4      | Noticed Duvessa
  2602 | D:4      | Reached XP level 6. HP: 40/44 MP: 3/10
  2620 | D:4      | Killed Duvessa
  2709 | D:4      | Killed Dowan
  2905 | D:4      | Noticed Sigmund
  2911 | D:4      | Killed Sigmund
  2912 | D:4      | Reached XP level 7. HP: 34/51 MP: 8/11
  3982 | D:4      | Killed Menkaure
  4054 | D:5      | Entered Level 5 of the Dungeon
  4285 | D:5      | Reached XP level 8. HP: 29/57 MP: 2/13
  4549 | D:5      | Found a staircase to the Ecumenical Temple.
  4568 | Temple   | Entered the Ecumenical Temple
  4929 | Temple   | Became a worshipper of Dithmenos the Shadowed
  5428 | D:5      | Reached skill level 1 in Shields
  5428 | D:5      | Reached skill level 1 in Evocations
  5435 | D:5      | Reached skill level 1 in Throwing
  5723 | D:6      | Reached skill level 1 in Invocations
  5912 | D:6      | Noticed Pikel
  5916 | D:6      | Killed Pikel
  5917 | D:6      | Reached skill level 5 in Dodging
  5917 | D:6      | Reached XP level 9. HP: 65/65 MP: 12/15
  6059 | D:6      | Reached * piety under Dithmenos
  6202 | D:6      | Identified the +1 sling of Lupnash {speed, Fly rF+}
  6238 | D:6      | Found Eklonu's Armour Boutique.
  6580 | D:7      | Found a runed translucent door.
  6581 | D:7      | Noticed Crazy Yiuf
  6862 | D:7      | Found a transporter.
  6868 | D:7      | Noticed Dittersdorf's ghost (novice GrFi)
  6885 | D:7      | Found a transporter.
  7373 | D:7      | Killed Crazy Yiuf
  7456 | D:8      | Noticed Prince Ribbit
  7463 | D:8      | Killed Prince Ribbit
  7464 | D:8      | Reached skill level 5 in Short Blades
  7565 | D:8      | Reached ** piety under Dithmenos
  7981 | D:8      | Slain by a gnoll sergeant

Illustrated notes

Levels and vault maps discovered:
D:1:      dpeg_arrival_rooms_with_view, layout_rooms, hangedman_decor_lopped
D:2:      layout_basic
D:3:      layout_basic, nicolae_qazlal_scattered_showers,
          hellmonk_ecumenical_altar_inner_sanctum, uniq_robin
D:4:      cheibrodos_helix_gallery, layout_layer_cave, uniq_menkaure,
          uniq_sigmund, uniq_duvessa
D:5:      layout_loops_ring, minmay_temple_entry_proselytizer, nrook_campfire
D:6:      layout_rooms, nicolae_take_the_stairs, uniq_pikel
D:7:      layout_layer_cave, gammafunk_ghost_stat_death,
          minmay_misc_feat_square, uniq_crazy_yiuf_cottage
D:8:      layout_basic, serial_glass, glass_columns_b, glass_columns_b,
          minmay_strange_pillars, item_on_display_a, minmay_strange_pillars,
          minmay_strange_pillars, minivault_14, kennysheep_generic_room_5,
          uniq_prince_ribbit1
Temple:   mainiacjoe_temple_cubbyholes

Skill      XL: |  1  2  3  4  5  6  7  8  9 |
---------------+----------------------------+-----
Fighting       | 1 2 3 4 |  4.1
Stealth        | 5 6 7 8 |  8.7
Armour         | 1 2 3 |  3.7
Hexes          | 5 6 7 8 |  8.0
Short Blades   | 2 3 4 5 |  5.1
Dodging        | 3 4 5 |  5.4
Spellcasting   | 3 4 |  4.7
Shields        | 1 2 |  2.6
Evocations     | 1 2 |  2.5
Throwing       | 1 2 |  2.4
Invocations    | 1 2 |  2.4

Action                     |  1- 3 |  4- 6 |  7- 9 || total
---------------------------+-------+-------+-------++-------
  Melee: Dagger            |    66 |   157 |   235 ||   458
         Bite              |     4 |    14 |    24 ||    42
         Punch             |       |       |     1 ||     1
   Cast: Ensorcelled Hiber |     9 |    24 |    77 ||   110
         Tukima's Dance    |       |     1 |       ||     1
         Confusing Touch   |       |       |     3 ||     3
   Stab: Sleeping          |    15 |    19 |    73 ||   107
         Distracted        |       |     1 |     3 ||     4
         Confused          |       |       |     1 ||     1
 Armour: Robe              |     2 |    28 |    19 ||    49
         Steam dragon scal |       |       |     8 ||     8
  Dodge: Dodged            |    19 |   101 |   138 ||   258
  Block: Other             |       |    12 |    55 ||    67
         Reflection        |       |     1 |       ||     1

Table legend: (Time is in decaauts)
 A = Elapsed time spent in this place.
 B = Non-inter-level travel time spent in this place.
 C = Inter-level travel time spent in this place.
 D = Time resting spent in this place.
 E = Time spent auto-exploring this place.
 F = Levels seen in this place.
 G = Mean time per level.
                   A        B        C        D        E       F      G
               +--------+--------+--------+--------+--------+-----+--------+
         Total |   7917 |   7445 |    472 |     93 |   5507 |   9 |  879.7 |
       Dungeon |   7491 |   7072 |    419 |     93 |   5143 |   8 |  936.4 |
        Temple |    425 |    372 |     53 |      0 |    364 |   1 |  425.0 |
               +--------+--------+--------+--------+--------+-----+--------+

Top non-repeatable levels by time:
     D:4: 1430 daAuts
     D:5: 1131 daAuts
     D:7: 1128 daAuts
     D:2: 1041 daAuts
     D:3: 1013 daAuts
     D:1: 640 daAuts
     D:6: 579 daAuts
     D:8: 527 daAuts
  Temple: 425 daAuts
